 Dungeon Crawl Stone Soup version 0.21.1-1-g345015f (webtiles) character file.

529 xccam the Cudgeler (level 7, -3/78 HPs)
             Began as a Demonspawn Berserker on Mar 2, 2018.
             Was a Priest of Trog.
             Slain by an ogre
             ... wielding a +0 giant club
              (12 damage)
             ... on level 4 of the Dungeon.
             The game lasted 00:06:58 (2335 turns).

xccam the Cudgeler (Demonspawn Berserker)           Turns: 2335, Time: 00:06:58

Health: -3/78      AC:  9    Str: 24    XL:     7   Next: 3%
Magic:  7/7        EV: 12    Int:  9    God:    Trog [***...]
Gold:   219        SH:  0    Dex: 12    Spells: 6/6 levels left

rFire    . . .     SeeInvis .   a - +0 mace
rCold    + . .     Gourm    .   (no shield)
rNeg     . . .     Faith    .   l - +3 leather armour
rPois    .         Spirit   .   (no helmet)
rElec    .         Reflect  .   (no cloak)
rCorr    +         Harm     .   (no gloves)
MR       .....                  f - +2 pair of boots
Stlth    ..........             r - amulet of magic regeneration
HPRegen  0.23/turn              g - ring of resist corrosion
MPRegen  0.35/turn              p - ring of protection from cold

@: berserking, drained, very quick
A: talons 2, spiny 1
a: Berserk, Trog's Hand, Burn Spellbooks, Renounce Religion


You were on level 4 of the Dungeon.
You worshipped Trog.
Trog was most pleased with you.
You were hungry.

You visited 1 branch of the dungeon, and saw 4 of its levels.

You collected 219 gold pieces.

Inventory:

Hand Weapons
 a - a +0 mace (weapon)
Armour
 f - a +2 pair of boots (worn)
 l - a +3 leather armour (worn)
Jewellery
 g - a ring of resist corrosion (left hand)
 p - a ring of protection from cold (right hand)
 r - an amulet of magic regeneration (around neck)
Scrolls
 b - 2 scrolls of magic mapping
 e - 2 scrolls of remove curse
 i - 3 scrolls of identify
 j - 3 scrolls of noise {unknown}
 k - 3 scrolls of teleportation
 m - 2 scrolls of amnesia {unknown}
 q - 2 scrolls of fear {unknown}
Potions
 d - 2 potions of agility
 h - a potion of invisibility
 n - a potion of curing {unknown}
 o - a potion of cancellation
Comestibles
 c - 5 rations
 s - a chunk of flesh


   Skills:
 + Level 3.1(3.0) Fighting
 * Level 7.2(7.0) Maces & Flails
 + Level 2.0(1.9) Armour
 + Level 1.9(1.8) Dodging


You had 6 spell levels left.
You didn't know any spells.

Dungeon Overview and Level Annotations

Branches:
Dungeon (4/15)
 Temple: D:4-7

Altars:
Ru
Sif Muna
Vehumet


Innate Abilities, Weirdness & Mutations

You have razor-sharp toenails.
You are partially covered in sharp spines.


Message History

The orc priest is lightly wounded.
The orc priest is struck by your spines.
The orc priest hits you but does no damage.
You thump the orc priest!
You kill the orc priest!
Trog accepts your kill.
Your base Armour skill increases to level 2!
You have reached level 7!
Your demonic ancestry asserts itself...
Your toenails lengthen and sharpen.
You hit the ogre.
The ogre is lightly wounded.
The ogre hits you with a giant club!!
* * * LOW HITPOINT WARNING * * *
You hit the ogre.
The ogre is moderately wounded.
You hit the ogre.
The ogre is heavily wounded.
The ogre hits you with a giant club!
You die...

..# #.#
#.###.#
#..<#
##.##
#.# #.#
#.# #)#
#@# #O#
#.# #..
#..
#..#
#..#
....


You could see an ogre.

Vanquished Creatures
  Sigmund (D:2)
  The ghost of derrymb the Magician, an amateur DEWz (D:3)
  An orc priest (D:4)
  Natasha (thrice) (D:2)
  Robin (D:2)
  6 adders
  An ooze (D:3)
  2 dart slugs
  3 leopard geckos
  8 orcs
  6 giant cockroaches
  17 goblins
  11 hobgoblins
  A quokka (D:2)
  5 bats
  5 frilled lizards
  6 kobolds
  8 rats
86 creatures vanquished.

Notes
Turn   | Place    | Note
-------+----------+-------------------------------------------
     0 | D:1      | xccam the Demonspawn Berserker began the quest for the Orb.
     0 | D:1      | Reached XP level 1. HP: 18/18 MP: 1/1
    30 | D:1      | Reached skill level 3 in Maces & Flails
   110 | D:1      | Gained mutation: You are partially covered in sharp spines. [demonic ancestry]
   110 | D:1      | Reached XP level 2. HP: 24/24 MP: 2/2
   910 | D:2      | Reached XP level 3. HP: 29/29 MP: 3/3
   974 | D:2      | Reached ** piety under Trog
  1072 | D:2      | Reached skill level 4 in Maces & Flails
  1100 | D:2      | Noticed Robin
  1115 | D:2      | Killed Robin
  1115 | D:2      | Gained mutation: You have sharp toenails. [demonic ancestry]
  1115 | D:2      | Reached XP level 4. HP: 25/35 MP: 4/4
  1295 | D:2      | Noticed Natasha
  1304 | D:2      | Killed Natasha
  1363 | D:2      | Noticed Sigmund
  1377 | D:2      | Killed Sigmund
  1377 | D:2      | Reached skill level 6 in Maces & Flails
  1377 | D:2      | Reached XP level 5. HP: 15/41 MP: 5/5
  1378 | D:2      | Reached XP level 6. HP: 18/47 MP: 6/6
  1379 | D:2      | Found a faded altar of an unknown god.
  1406 | D:2      | Noticed Natasha
  1417 | D:2      | Killed Natasha
  1466 | D:2      | Noticed Natasha
  1473 | D:2      | Killed Natasha
  1589 | D:2      | Found a faded altar of an unknown god.
  1589 | D:2      | Found a faded altar of an unknown god.
  1595 | D:2      | Found a radiant altar of Vehumet.
  1597 | D:2      | Found a deep blue altar of Sif Muna.
  1602 | D:2      | Found a sacrificial altar of Ru.
  1812 | D:3      | Noticed derrymb's ghost (amateur DEWz)
  1819 | D:3      | Killed derrymb's ghost
  1819 | D:3      | Reached skill level 7 in Maces & Flails
  2202 | D:3      | Reached *** piety under Trog
  2332 | D:4      | Gained mutation: You have razor-sharp toenails. [demonic ancestry]
  2332 | D:4      | Reached XP level 7. HP: 30/52 MP: 7/7
  2335 | D:4      | Slain by an ogre

Skill      XL: |  1  2  3  4  5  6 |
---------------+-------------------+-----
Maces & Flails | 3 4 6 7 |  7.2
Armour         | 2 |  2.0
Fighting       | |  3.1
Dodging        | |  1.9

Action                   |  1- 3 |  4- 6 |  7- 9 || total
-------------------------+-------+-------+-------++-------
Melee: Mace              |    81 |    96 |     3 ||   180
       Kick              |       |    20 |       ||    20
Invok: Berserk           |     1 |     3 |       ||     4
       Trog's Hand       |     1 |     3 |       ||     4
  Use: Scroll            |       |     8 |       ||     8
 Stab: Sleeping          |       |     1 |       ||     1
  Eat: Chunk             |       |     9 |       ||     9
Armor: Animal skin       |     1 |       |       ||     1
       Leather armour    |    19 |    22 |       ||    41
Dodge: Dodged            |    45 |    54 |       ||    99
